 Dungeon Crawl Stone Soup version 0.32-a0-900-g30fb1b0edc (webtiles) character file.

Game seed: 5080121220097152430

342 spaghetti the Ruffian (level 6, -7/56 HPs)
             Began as a Naga Chaos Knight on Apr 5, 2024.
             Was a Plaything of Xom.
             Mangled by an ogre
             ... wielding a +0 giant spiked club
              (20 damage)
             ... on level 4 of the Dungeon.
             The game lasted 00:04:21 (2678 turns).

spaghetti the Ruffian (Naga Chaos Knight)           Turns: 2678, Time: 00:04:21

Health: -7/56      AC:  3    Str: 18    XL:     6   Next: 57%
Magic:  9/9        EV:  8    Int: 14    God:    Xom [...*..]
Gold:   196        SH:  0    Dex: 10    Spells: 11/11 levels left

rFire   . .          .
                       - Unarmed
rCold   . . .        (no shield)
rNeg    . . .        d - +0 leather armour "Ala Lul" {+Blink Regen+ Str+3}
rPois   +            (no helmet)
rElec   .            (no cloak)
rCorr   .            (no gloves)
SInv    +            (no barding)
Will    .....        (no amulet)
Stlth   +            (no ring)
HPRegen 1.09/turn    (no ring)
MPRegen 0.11/turn

%: clarity
@: very slow
A: AC +2, large, see invisible, deformed body, poison resistance, slowness 2,
spit poison 1, naga tail 1, claws 1, clarity, low MP 1, persistent drain
a: Spit Poison, Renounce Religion, Evoke Blink


You were on level 4 of the Dungeon.
You worshipped Xom.
You were a favourite toy of Xom.
You visited 1 branch of the dungeon, and saw 4 of its levels.

You collected 196 gold pieces.

Inventory:

Hand Weapons
 a - a +1 falchion of chaos
Missiles
 l - 4 javelins
Armour
 b - a +2 leather armour
 d - the +0 leather armour "Ala Lul" (worn) {+Blink Regen+ Str+3}
   (You found it on level 4 of the Dungeon)

   Str+3:     It affects your strength (+3).
   +Blink:    It lets you blink.
   Regen+:    It increases your rate of health regeneration.
Scrolls
 c - a scroll of butterflies
Potions
 e - a potion of curing {unknown}


   Skills:
 - Level 3.0 Fighting
 - Level 3.0 Long Blades
 - Level 1.5 Armour
 - Level 0.7 Dodging
 + Level 5.1 Unarmed Combat
 + Level 3.1 Spellcasting


You had 11 spell levels left.
You didn't know any spells.
Your spell library contained the following spells:

 Spells                   Type           Power      Damage    Failure   Level
 Necrotise                Necr           8%         1d4       26%         1
 Sting                    Conj/Alch      8%         1d3       26%         1
 Fugue of the Fallen      Necr           2%         N/A       58%         3
 Stone Arrow              Conj/Erth      4%         3d7       58%         3
 Swiftness                Air            2%         N/A       58%         3
 Vampiric Draining        Necr           2%         2d6       58%         3
 Iskenderun's Mystic Bla Conj/Tloc 2%             2d3        (+2d1     94%         4
 Martyr's Knell           Necr/Summ      2%         N/A       94%         4
 Curse of Agony           Necr           2%         N/A       100%        5
 Sculpt Simulacrum        Ice/Alch       1%         N/A       100%        6
 Starburst                Conj/Fire      1%         6d3       100%        6
 Chain Lightning          Conj/Air       1%         3d1       100%        9


Dungeon Overview and Level Annotations

Branches:
Dungeon (4/15)
 Temple: D:4-7

Altars:
The Shining One

Annotations:
D:4 1 runed translucent door, EnlightenedBush's ghost, amateur TrFi


Innate Abilities, Weirdness & Mutations

Your serpentine skin is tough. (AC +2)
You have supernaturally acute eyesight. (SInv)
Armour fits poorly on your strangely shaped body.
Your system is resistant to poisons. (rPois)
You cover ground very slowly.
You can spit poison.
You have a snake-like lower body.
You have sharp fingernails.
You possess an exceptional clarity of mind.
Your magical capacity is low. (-10% MP)
Your health recovers twice as slowly from being drained.


Message History

You are too injured to fight recklessly!
You are too injured to fight recklessly!
You are too injured to fight recklessly!
You are too injured to fight recklessly!
You are too injured to fight recklessly!
You are too injured to fight recklessly!
You are too injured to fight recklessly!
You are too injured to fight recklessly!
You are too injured to fight recklessly!
You are too injured to fight recklessly!
You are too injured to fight recklessly!
You are too injured to fight recklessly!
You are too injured to fight recklessly!
You are too injured to fight recklessly!
You are too injured to fight recklessly!
You are too injured to fight recklessly!
You are too injured to fight recklessly!
You are too injured to fight recklessly!
You are too injured to fight recklessly!
You are too injured to fight recklessly!
You are too injured to fight recklessly!
You are too injured to fight recklessly!
Unknown command.
The orc shouts!
You scratch the ogre but do no damage.
The ogre is heavily wounded.
The ogre looks more healthy.
You scratch the ogre but do no damage.
The ogre is heavily wounded.
The orc throws a boomerang.
The boomerang barely misses you.
An orc comes into view. It is wielding a +0 hand axe.
The ogre hits you with a +0 giant spiked club!!
* * * LOW HITPOINT WARNING * * *
Unknown command.
Unknown command.
You scratch the ogre.
The ogre is severely wounded.
The ogre hits you with a +0 giant spiked club!!
You die...
Xom chortles!

#####.##.##.##
#.?...#......#
#....####..###
####....##......#
##........##.##.##
#..##....##......#
#.###....##.####.#
###.#
#....##..b...#
#...#
#....###@##.##
#.###
#....##.O..b.# ∆
#.# #....####oo###
, , , **
###.########.. ,
....*, , **∆
.))>)......
,**,##o##, , ,
########### , ,..,
,, * * , ,*,,,..,,
,,,,* * ****,, ...
,,,, , * ,, , ,,*


You could see an ogre (ally target) and 3 orcs.

Vanquished Creatures
  An ogre (D:4)
  A hound (D:4)
  A bombardier beetle (D:4)
  An orc wizard (D:3)
  Natasha (D:3)
  6 adders
  2 ribbon worms
  3 dart slugs
  6 orcs
  2 bats
  9 endoplasms
  4 giant cockroaches
  5 goblins
  11 hobgoblins
  4 jackals (D:4)
  3 quokkas
  3 ball pythons
  2 frilled lizards
  4 kobolds
  6 rats
75 creatures vanquished.

Notes
Turn   | Place    | Note
-------+----------+-------------------------------------------
     0 | D:1      | spaghetti the Naga Chaos Knight began the quest for the
                  | Orb.
     0 | D:1      | Reached XP level 1. HP: 21/21 MP: 1/1
    35 | D:1      | XOM: butterfly on damage
    41 | D:1      | Reached skill level 1 in Unarmed Combat
    45 | D:1      | Reached XP level 2. HP: 27/28 MP: 2/2
    46 | D:1      | XOM: silly message
    80 | D:1      | You fall into a shaft and drop 1 floor!
   200 | D:2      | Reached skill level 2 in Unarmed Combat
   262 | D:2      | Reached XP level 3. HP: 27/34 MP: 3/3
   454 | D:1      | XOM: divination: detect creatures
   471 | D:1      | Reached skill level 3 in Unarmed Combat
   652 | D:1      | Got the Folio of Confrontation and Iosis
   657 | D:1      | XOM: silly message
   735 | D:1      | XOM: noise
  1020 | D:2      | XOM: divination: detect creatures
  1028 | D:2      | Got Exyufeu's Collected Works on the Crypt and Ceraunoscopy
  1068 | D:2      | Reached XP level 4. HP: 41/42 MP: 4/4
  1081 | D:2      | XOM: divination: magic mapping
  1375 | D:3      | Reached skill level 1 in Spellcasting
  1455 | D:3      | XOM: silly message
  1483 | D:3      | Reached skill level 4 in Unarmed Combat
  1483 | D:3      | Reached XP level 5. HP: 47/49 MP: 5/7
  2021 | D:3      | Noticed Natasha
  2024 | D:3      | Killed Natasha
  2122 | D:4      | Identified the +0 leather armour "Ala Lul" {+Blink Regen+
                  | Str+3}
  2195 | D:4      | XOM: give mutations
  2195 | D:4      | Gained mutation: Your health recovers twice as slowly from
                  | being drained. [Xom's mischief]
  2195 | D:4      | Gained mutation: Your magical capacity is low. (-10% MP)
                  | [Xom's mischief]
  2195 | D:4      | Gained mutation: You have sharp fingernails. [Xom's
                  | mischief]
  2195 | D:4      | Gained mutation: You possess an exceptional clarity of
                  | mind. [Xom's mischief]
  2286 | D:4      | Found a glowing golden altar of the Shining One.
  2295 | D:4      | XOM: divination: magic mapping
  2336 | D:4      | XOM: divination: detect items
  2373 | D:4      | XOM: scenery: summon butterflies
  2380 | D:4      | Found a runed translucent door.
  2380 | D:4      | Noticed EnlightenedBush's ghost (amateur TrFi)
  2395 | D:4      | XOM: enchant monster (good)
  2416 | D:4      | Reached XP level 6. HP: 45/56 MP: 7/9
  2493 | D:4      | Reached skill level 5 in Unarmed Combat
  2675 | D:4      | XOM: butterfly on damage
  2678 | D:4      | Mangled by an ogre

Illustrated notes

Levels and vault maps discovered:
D:1:      heliophobic_arrival_battle_scene, layout_basic,
          minmay_misc_feat_ornament
D:2:      layout_basic
D:3:      layout_basic, uniq_natasha
D:4:      layout_basic, nicolae_tso_carved_into_rock,
          nicolae_overflow_hidden_temple, minmay_temple_entry_poolview,
          hellmonk_ghost_happy_afterlife, minmay_misc_feat_alley

Skill      XL: |  1  2  3  4  5  6 |
---------------+-------------------+-----
Unarmed Combat | 1 2 3 4 5 |  5.1
Spellcasting   | 1 2 3 |  3.1
Fighting       | |  3.0
Long Blades    | |  3.0
Armour         | |  1.5
Dodging        | |  0.7

Action                     |  1- 3 |  4- 6 || total
---------------------------+-------+-------++-------
  Melee: Falchion          |    77 |    37 ||   114
         Unarmed           |       |    70 ||    70
         Punch             |       |     3 ||     3
Ability: Spit Poison       |    25 |    29 ||    54
    Use: Scroll            |       |     7 ||     7
         Potion            |       |     3 ||     3
   Stab: Petrifying        |     1 |       ||     1
 Armour: Leather armour    |    51 |    69 ||   120
  Dodge: Dodged            |    28 |    47 ||    75

Table legend: (Time is in decaauts)
 A = Elapsed time spent in this place.
 B = Non-inter-level travel time spent in this place.
 C = Inter-level travel time spent in this place.
 D = Time resting spent in this place.
 E = Time spent auto-exploring this place.
 F = Levels seen in this place.
 G = Mean time per level.
                   A        B        C        D        E       F      G
               +--------+--------+--------+--------+--------+-----+--------+
         Total |   3569 |   3401 |    168 |     16 |   2818 |   4 |  892.2 |
       Dungeon |   3569 |   3401 |    168 |     16 |   2818 |   4 |  892.2 |
               +--------+--------+--------+--------+--------+-----+--------+

Top non-repeatable levels by time:
     D:3: 1122 daAuts
     D:2: 859 daAuts
     D:1: 844 daAuts
     D:4: 742 daAuts
